AoeStats
← MattAtArms

Arabia

504004156Analyzed
1v1 RM · 1mo ago on Sep 3, 2026· 49m 12s· 2 players
Game mode
Random Map
Map size
Tiny (2 player)
Population
200
Speed
Normal
Resources
Standard
Victory
Conquest
Starting age
Dark Age
Ending age
Imperial Age
RankedLock teamsTeams togetherTeam positionsShared explorationLock speedFull tech treeHidden civsTurbo modeCheats
Victory
Defeat
🇮🇹 Maya · Italy
2000
+12
🇬🇧 Malay · United Kingdom
1907
-12
Pirate
0:25 Loom
8:59 Feudal Age
9:12 Man-at-Arms
9:39 Double-Bit Axe
14:58 Fletching
21:18 Castle Age
19:32 Horse Collar
20:01 Gold Mining
20:36 Town Watch
21:19 Crossbowman
21:55 Bodkin Arrow
23:30 Ballistics
23:44 Padded Archer Armor
25:11 Leather Archer Armor
27:21 Bow Saw
38:55 Imperial Age
38:24 Thumb Ring
38:25 Scale Mail Armor
38:47 Masonry
39:27 Wheelbarrow
38:31 Elite Skirmisher
40:01 Bracer
44:01 Ring Archer Armor
44:33 Scale Mail Armor
44:44 Forging
44:39 Eagle Warrior
45:19 Squires
45:24 Heavy Plow
45:56 Chain Mail Armor
46:34 Elite Eagle Warrior
47:51 Plate Mail Armor
48:49 Holcans
48:56 Arson
MattAtArms
9:46 Feudal Age
8:59 Man-at-Arms
10:00 Double-Bit Axe
10:32 Loom
14:02 Fletching
21:03 Castle Age
19:28 Padded Archer Armor
19:32 Gold Mining
19:43 Padded Archer Armor
19:52 Horse Collar
20:05 Crossbowman
21:05 Bodkin Arrow
23:33 Ballistics
24:00 Bow Saw
28:16 Wheelbarrow
27:27 Town Watch
40:14 Imperial Age
38:39 Thumb Ring
39:46 Bracer
40:52 Chemistry
40:49 Arbalester
42:50 Leather Archer Armor
42:01 Elite Skirmisher
44:15 Ring Archer Armor
Connection lost

Rejoining the realm…

Still unreachable

The connection could not be restored.

Session expired

The server has moved on; the page needs a fresh start.